 Dungeon Crawl Stone Soup version 0.30-a0-263-ge22c4ad894 (webtiles) character file.

Game seed: 7248297537140444005

570 brknglss the Firebug (level 7, -7/51 HPs)
             Began as a Gnoll Fire Elementalist on Oct 13, 2022.
             Was an Initiate of Ashenzari.
             Mangled by an ogre
             ... wielding a +0 giant spiked club
              (19 damage)
             ... on level 5 of the Dungeon.
             The game lasted 00:10:55 (4587 turns).

brknglss the Firebug (Gnoll Fire Elementalist)      Turns: 4587, Time: 00:10:55

Health: -7/51      AC:  7    Str:  7    XL:     7   Next: 34%
Magic:  0/15       EV: 11    Int: 17    God:    Ashenzari [......]
Gold:   200        SH:  0    Dex: 12    Spells: 14/17 levels left

rFire   . . .      SeeInvis .    g - +2 short sword (speed)
rCold   . . .      Faith    .    (no shield)
rNeg    . . .      Spirit   .    v - +2 ring mail {Will+}
rPois   .          Reflect  .    (no helmet)
rElec   .          Harm     .    (no cloak)
rCorr   .          Rampage  .    (no gloves)
Will    +....                    (no boots)
Stlth   ++........               (no amulet)
HPRegen 0.28/turn                (no ring)
MPRegen 0.14/turn                (no ring)

@: very slightly contaminated
A: fangs 1, strong nose, distributed training
a: Renounce Religion, Curse Item


You were on level 5 of the Dungeon.
You worshipped Ashenzari.
Ashenzari was noncommittal.
You visited 1 branch of the dungeon, and saw 5 of its levels.

You collected 200 gold pieces.

Inventory:

Hand Weapons
 g - a +2 short sword of speed (weapon)
Armour
 i - an orb of guile
 l - a +0 kite shield
 v - a +2 ring mail of willpower (worn)
Jewellery
 j - a ring of flight
Wands
 p - a wand of paralysis (9)
Scrolls
 d - 3 scrolls of enchant weapon {unknown}
 e - a scroll of noise {unknown}
 h - 2 scrolls of blinking {unknown}
 k - 2 scrolls of teleportation {unknown}
 m - 3 scrolls of amnesia {unknown}
 o - a scroll of immolation {unknown}
 s - 2 scrolls of silence {unknown}
 t - a scroll of poison {unknown}
Potions
 a - a potion of mutation
 b - 3 potions of magic
 c - a potion of attraction
 f - 6 potions of heal wounds
 n - a potion of brilliance
 q - a potion of haste
 r - 2 potions of lignification {unknown}
 u - 3 potions of curing {unknown}
 w - a potion of invisibility {unknown}


   Skills:
 + Level 2.5 Fighting
 + Level 2.5 Short Blades
 + Level 2.5 Long Blades
 + Level 2.5 Axes
 + Level 2.5 Maces & Flails
 + Level 2.5 Polearms
 + Level 2.5 Staves
 + Level 2.5 Ranged Weapons
 + Level 2.5 Throwing
 + Level 2.5 Armour
 + Level 5.2 Dodging
 + Level 4.9 Stealth
 + Level 2.5 Shields
 + Level 2.5 Unarmed Combat
 + Level 5.6 Spellcasting
 + Level 3.0 Conjurations
 + Level 2.0 Hexes
 + Level 2.0 Summonings
 + Level 2.0 Necromancy
 + Level 2.0 Translocations
 + Level 2.0 Transmutations
 + Level 5.8 Fire Magic
 + Level 2.0 Ice Magic
 + Level 2.0 Air Magic
 + Level 2.0 Earth Magic
 + Level 2.0 Poison Magic
 + Level 2.8 Invocations
 + Level 2.5 Evocations


You had 14 spell levels left.
You knew the following spells:

 Your Spells              Type           Power      Damage    Failure   Level
a - Foxfire               Conj/Fire      76%        2x1d7     7%          1
b - Scorch                Fire           48%        2d7       6%          2

Your spell library contained the following spells:

 Spells                   Type           Power      Damage    Failure   Level
 Sandblast                Erth           22%        2d7       19%         1
 Inner Flame              Hex/Fire       18%        N/A       26%         3
 Passwall                 Tmut/Erth      9%         N/A       28%         2
 Kindle Blastsparks       Fire/Tloc/Air  32%        2d12      32%         3
 Stone Arrow              Conj/Erth      26%        3d8       43%         3
 Flame Wave               Conj/Fire      19%        2d7       56%         4


Dungeon Overview and Level Annotations

Branches:
Dungeon (5/15)
 Temple: D:4-7

Altars:
Ashenzari
Dithmenos
Gozag
Hepliaklqana
Kikubaaqudgha
Nemelex Xobeh
Okawaru
Qazlal
Sif Muna
Trog
Uskayaw
Wu Jian
Yredelemnul

Shops:
D:2 *


Innate Abilities, Weirdness & Mutations

You have very sharp teeth.
Your uncanny sense of smell can sniff out nearby items.
Your experience applies equally to all skills.


Message History

The gnoll hits you with a +0 flail.
The gnoll hits you from afar with a +0 halberd!
The gnoll attacks as you move away! The gnoll hits you with a +0 flail.
The foxfire hits the ogre.
The ogre is moderately wounded.
The foxfire hits the ogre.
The ogre is heavily wounded.
The gnoll attacks as you move away! The gnoll hits you but does no damage.
Casting: Foxfire (safe; 7% risk of failure)
Confirm with . or Enter, or press ? or * to list all spells.
You don't know that spell.
The gnoll attacks as you move away! The gnoll hits you with a +0 flail.
* * * LOW HITPOINT WARNING * * *
Casting: Foxfire (safe; 7% risk of failure)
Confirm with . or Enter, or press ? or * to list all spells.
You miscast Foxfire.
You are very lightly contaminated with residual magic.
Nothing appears to happen.
The ogre closely misses you. The gnoll hits you with a +0 flail!
* * * LOW HITPOINT WARNING * * *
The gnoll closely misses you.
Casting: Foxfire (safe; 7% risk of failure)
Confirm with . or Enter, or press ? or * to list all spells.
You conjure some foxfire!
The gnoll misses you. The gnoll closely misses you.
Casting: Foxfire (safe; 7% risk of failure)
Confirm with . or Enter, or press ? or * to list all spells.
Flames lash the gnoll.
You kill the gnoll!
The foxfire hits the ogre.
The ogre is heavily wounded.
The foxfire hits the ogre.
The ogre is severely wounded.
The ogre barely misses you. The gnoll closely misses you.
You hit the ogre.
The ogre is severely wounded.
You hit the ogre.
The ogre is almost dead.
The gnoll hits you but does no damage.
The ogre hits you with a +0 giant spiked club!!
You die...

### ######## #######.. #......#
#.....#.. #......# #..)§.#..
#......# #§..§.#.. #......#
#.§...#.. #......# #..§..#..
#..§...# #.....#.. ∆
######.@..########'###..
######....)gO..#.............
#..............#.............
#..............#.............
#####............).'.............
..........)......))#.............
...................#.............
...................#.............
...##......###)....#........>....


You could see an ogre and a gnoll.

Vanquished Creatures
  An ogre (D:4)
  A phantom (D:3)
  2 hounds
  3 orc priests
  Terence (D:3)
  An iguana (D:4)
  2 orc wizards (D:5)
  6 gnolls (D:5)
  6 adders
  A dart slug (D:3)
  6 orcs
  5 ball pythons
  A bat (D:2)
  3 endoplasms
  5 giant cockroaches
  6 goblins
  4 hobgoblins
  6 jackals
  4 kobolds
  4 quokkas (D:4)
  4 frilled lizards
  5 rats
77 creatures vanquished.

Vanquished Creatures (others)
  192 foxfires
192 creatures vanquished.

Grand Total: 269 creatures vanquished

Notes
Turn   | Place    | Note
-------+----------+-------------------------------------------
     0 | D:1      | brknglss the Gnoll Fire Elementalist began the quest for
                  | the Orb.
     0 | D:1      | Reached XP level 1. HP: 13/13 MP: 6/6
   239 | D:1      | Reached XP level 2. HP: 19/19 MP: 4/7
   374 | D:1      | Found a faded altar of an unknown god.
   763 | D:2      | Found Kaid's Assorted Antiques.
   881 | D:2      | Reached skill level 5 in Spellcasting
   881 | D:2      | Reached XP level 3. HP: 21/25 MP: 2/9
  1343 | D:3      | Reached skill level 1 in Invocations
  1553 | D:3      | Noticed Terence
  1559 | D:3      | Learned a level 2 spell: Scorch
  1565 | D:3      | Killed Terence
  1566 | D:3      | Reached skill level 1 in Fighting
  1566 | D:3      | Reached skill level 1 in Short Blades
  1566 | D:3      | Reached skill level 1 in Long Blades
  1566 | D:3      | Reached skill level 1 in Axes
  1566 | D:3      | Reached skill level 1 in Maces & Flails
  1566 | D:3      | Reached skill level 1 in Polearms
  1566 | D:3      | Reached skill level 1 in Staves
  1566 | D:3      | Reached skill level 1 in Ranged Weapons
  1566 | D:3      | Reached skill level 1 in Throwing
  1566 | D:3      | Reached skill level 1 in Armour
  1566 | D:3      | Reached skill level 1 in Shields
  1566 | D:3      | Reached skill level 1 in Unarmed Combat
  1566 | D:3      | Reached skill level 1 in Evocations
  1566 | D:3      | Reached XP level 4. HP: 32/32 MP: 1/11
  2075 | D:3      | Reached skill level 1 in Hexes
  2075 | D:3      | Reached skill level 1 in Summonings
  2075 | D:3      | Reached skill level 1 in Necromancy
  2075 | D:3      | Reached skill level 1 in Translocations
  2075 | D:3      | Reached skill level 1 in Transmutations
  2075 | D:3      | Reached skill level 1 in Ice Magic
  2075 | D:3      | Reached skill level 1 in Air Magic
  2075 | D:3      | Reached skill level 1 in Earth Magic
  2075 | D:3      | Reached skill level 1 in Poison Magic
  2452 | D:3      | Noticed a phantom
  2459 | D:3      | Killed a phantom
  2460 | D:3      | Reached XP level 5. HP: 37/37 MP: 1/12
  2808 | D:4      | Found a hide-covered altar of Uskayaw.
  2809 | D:4      | Found a basalt altar of Yredelemnul.
  2809 | D:4      | Found a broken altar of Ashenzari.
  2809 | D:4      | Found a bloodstained altar of Trog.
  2810 | D:4      | Found an ancient bone altar of Kikubaaqudgha.
  2810 | D:4      | Found an opulent altar of Gozag.
  2810 | D:4      | Found a stormy altar of Qazlal.
  2810 | D:4      | Found a sparkling altar of Nemelex Xobeh.
  2810 | D:4      | Found a shadowy altar of Dithmenos.
  2813 | D:4      | Found a shimmering blue altar of Sif Muna.
  2813 | D:4      | Found an iron altar of Okawaru.
  2813 | D:4      | Found an ornate altar of the Wu Jian Council.
  2817 | D:4      | Became a worshipper of Ashenzari the Shackled
  3089 | D:4      | Reached XP level 6. HP: 40/44 MP: 13/13
  3319 | D:4      | Reached skill level 5 in Dodging
  3423 | D:4      | Found a hazy altar of Hepliaklqana.
  4155 | D:5      | Entered Level 5 of the Dungeon
  4211 | D:5      | Reached XP level 7. HP: 36/51 MP: 5/15
  4587 | D:5      | Mangled by an ogre

Illustrated notes

Levels and vault maps discovered:
D:1:      ncdulo_watergridlock, layout_rooms,
          hellmonk_ecumenical_altar_prayer_group, minmay_pentomino_r2
D:2:      layout_rooms, serial_shops,
          nicolae_shop_temple_entry_statues_fountains
D:3:      layout_basic, uniq_terence
D:4:      layout_basic, nicolae_overflows_in_rows, lemuel_round_altar,
          gup_sewer_entry_spiral
D:5:      layout_gridville, mainiacjoe_overflow_surrounded_room

Skill      XL: |  1  2  3  4  5  6  7 |
---------------+----------------------+-----
Conjurations   | 2 3 |  3.0
Spellcasting   | 5 |  5.6
Invocations    | 1 2 |  2.8
Fighting       | 1 2 |  2.5
Short Blades   | 1 2 |  2.5
Long Blades    | 1 2 |  2.5
Axes           | 1 2 |  2.5
Maces & Flails | 1 2 |  2.5
Polearms       | 1 2 |  2.5
Staves         | 1 2 |  2.5
Ranged Weapons | 1 2 |  2.5
Throwing       | 1 2 |  2.5
Armour         | 1 2 |  2.5
Shields        | 1 2 |  2.5
Unarmed Combat | 1 2 |  2.5
Evocations     | 1 2 |  2.5
Hexes          | 1 2 |  2.0
Summonings     | 1 2 |  2.0
Necromancy     | 1 2 |  2.0
Translocations | 1 2 |  2.0
Transmutations | 1 2 |  2.0
Ice Magic      | 1 2 |  2.0
Air Magic      | 1 2 |  2.0
Earth Magic    | 1 2 |  2.0
Poison Magic   | 1 2 |  2.0
Dodging        | 5 |  5.2
Stealth        | |  4.9
Fire Magic     | |  5.8

Action                   |  1- 3 |  4- 6 |  7- 9 || total
-------------------------+-------+-------+-------++-------
Melee: Short sword       |    41 |   102 |    17 ||   160
       Bite              |     4 |    14 |     2 ||    20
       Punch             |       |     3 |       ||     3
 Cast: Foxfire           |    36 |    57 |    20 ||   113
       Scorch            |     4 |    10 |     7 ||    21
Evoke: Wand              |       |     1 |       ||     1
  Use: Scroll            |     3 |     1 |       ||     4
 Stab: Sleeping          |     2 |     1 |       ||     3
       Paralysed         |       |     2 |       ||     2
Armor: Robe              |     4 |       |       ||     4
       Ring mail         |       |    30 |     4 ||    34
Dodge: Dodged            |    28 |    51 |    18 ||    97

Table legend: (Time is in decaauts)
 A = Elapsed time spent in this place.
 B = Non-inter-level travel time spent in this place.
 C = Inter-level travel time spent in this place.
 D = Time resting spent in this place.
 E = Time spent auto-exploring this place.
 F = Levels seen in this place.
 G = Mean time per level.
                   A        B        C        D        E       F      G
               +--------+--------+--------+--------+--------+-----+--------+
         Total |   4563 |   4514 |     49 |   1756 |   1852 |   5 |  912.6 |
       Dungeon |   4563 |   4514 |     49 |   1756 |   1852 |   5 |  912.6 |
               +--------+--------+--------+--------+--------+-----+--------+

Top non-repeatable levels by time:
     D:3: 1520 daAuts
     D:4: 1360 daAuts
     D:2: 667 daAuts
     D:1: 590 daAuts
     D:5: 425 daAuts
